 Dungeon Crawl Stone Soup version 0.24-a0-441-g27f0392e16 (webtiles) character file.

Game seed: 15960660138838785017

7714 sloany69 the Cleaver (level 11, -8/100 HPs)
             Began as a Minotaur Fighter on June 20, 2019.
             Was an Elder of Okawaru.
             Shot with an arrow by a centaur (15 damage)
             ... on level 10 of the Dungeon.
             The game lasted 00:45:51 (10659 turns).

sloany69 the Cleaver (Minotaur Fighter)            Turns: 10659, Time: 00:45:57

Health: -8/100     AC:  9    Str: 23    XL:     11   Next: 0%
Magic:  10/10      EV: 14    Int:  5    God:    Okawaru [****..]
Gold:   238        SH: 12    Dex: 16    Spells: 10/10 levels left

rFire    . . .     SeeInvis .   s - +9 war axe (freeze)
rCold    . . .     Gourm    .   c - +0 shield
rNeg     . . .     Faith    .   b - +1 scale mail
rPois    .         Spirit   .   (helmet restricted)
rElec    .         Reflect  .   (no cloak)
rCorr    .         Harm     .   (no gloves)
MR       .....     Rnd*Tele +   (no boots)
Stlth    +.........             i - amulet of regeneration
HPRegen  0.66/turn              J - ring of teleportation (curse)
MPRegen  0.12/turn              (no ring)

@: agile, very slightly contaminated
A: retaliatory headbutt, horns 2
a: Heroism, Renounce Religion


You were on level 10 of the Dungeon.
You worshipped Okawaru.
Okawaru was greatly pleased with you.
You were not hungry.

You visited 2 branches of the dungeon, and saw 11 of its levels.

You collected 444 gold pieces.
You spent 206 gold pieces at shops.

Inventory:

Hand Weapons
 s - a +9 war axe of freezing (weapon)
Missiles
 h - 299 stones (quivered)
 p - 41 poisoned darts
 L - 3 throwing nets
Armour
 b - a +1 scale mail (worn)
 c - a +0 shield (worn)
Jewellery
 i - an amulet of regeneration (around neck)
 J - a cursed ring of teleportation (left hand)
Wands
 q - a wand of acid (6)
 z - a wand of flame (53)
 B - a wand of iceblast (8)
 G - a wand of polymorph (9)
 K - a wand of random effects (43)
Scrolls
 a - a scroll of random uselessness {unknown}
 j - 2 scrolls of remove curse
 k - 4 scrolls of immolation
 l - 5 scrolls of teleportation
 v - 2 scrolls of noise
 x - 2 scrolls of blinking
 y - a scroll of enchant armour
 A - 3 scrolls of identify
 C - 3 scrolls of enchant weapon
 E - a scroll of magic mapping
Potions
 d - a potion of might
 e - 3 potions of flight {unknown}
 g - 3 potions of curing
 m - a potion of haste {unknown}
 o - a potion of mutation
 t - 3 potions of degeneration
 u - 2 potions of brilliance
 w - a potion of magic {unknown}
 F - a potion of berserk rage {unknown}
 H - a potion of invisibility {unknown}
 I - a potion of heal wounds {unknown}
 M - a potion of cancellation {unknown}
Comestibles
 f - 13 rations


   Skills:
 + Level 10.2 Fighting
 + Level 11.3 Axes
 + Level 10.6 Armour
 - Level 0.1 Dodging
 + Level 10.3 Shields


You had 10 spell levels left.
You didn't know any spells.
Your spell library contained the following spells:

 Spells                   Type           Power        Failure   Level  Hunger
 Summon Small Mammal      Summ           #...         91%         1    ##.....
 Call Imp                 Summ           #.......     97%         2    ###....
 Call Canine Familiar     Summ           #.......     99%         3    ####...
 Summon Guardian Golem    Hex/Summ       #.......     99%         3    ####...
 Summon Ice Beast         Ice/Summ       #.......     100%        4    #####..
 Summon Lightning Spire   Summ/Air       #.......     100%        4    #####..
 Bolt of Magma            Conj/Fire/Erth #.........   100%        5    ######.
 Iskenderun's Battlesphe  Conj/Chrm      #.......     100%        5    ######.
 Venom Bolt               Conj/Pois      #.........   100%        5    ######.
 Iron Shot                Conj/Erth      #.........   100%        6    #######
 Orb of Destruction       Conj           #.........   100%        7    #######
 Spellforged Servitor     Conj/Summ      #.........   100%        7    #######


Dungeon Overview and Level Annotations

Branches:
Dungeon (10/15)            Temple (1/1) D:7             Orc (0/2) D:10
   Lair: D:8-11

Altars:
Ashenzari
Cheibriados
Dithmenos
Elyvilon
Fedhas
Gozag
Hepliaklqana
Kikubaaqudgha
Makhleb
Nemelex Xobeh
Okawaru
Qazlal
Ru
Sif Muna
Trog
Uskayaw
Vehumet
Wu Jian
Xom
Yredelemnul
Zin
The Shining One

Shops:
D:4 !   D:5 %   D:6 ?


Innate Abilities, Weirdness & Mutations

You reflexively headbutt those who attack you in melee.
You have a pair of horns on your head.


Message History

The ogre shouts!
You feel better.
You hear a shout!
You block the orc warrior's attack.
The orc priest hits you but does no damage.
The orc priest hits you with a +0 short sword.
* * * LOW HITPOINT WARNING * * *
You feel agile all of a sudden. The orc priest closely misses you.
You furiously retaliate!
You headbutt the orc priest. The orc warrior closely misses you.
The orc priest looks satisfied for a moment.
Blink to where?
Press: ? - help, Dir - move target cursor You are very lightly contaminated with residual magic.
As you read the scroll of blinking, it crumbles to dust. 2 orcs come into view.
The orc shouts!
The orc priest looks satisfied for a moment.
The centaur shoots an arrow.
The arrow hits you!
You die...

## #..)####
#.# .
#.(.)§.#
.#...# ##.
#.#.(#o# ....
.. #..oo.#
..$ ..
#..#cO# #..
.#
#.#.##.....
## .##
##..#...#o#..
..##
..#.....#o#
...# #..
.#@..# .†.#
##.
#..##......
..†# .# #.#
.##.## ...#
... ...# ###
..## .## .#
### .# # ##.#
##


You could see an orc warrior, an ogre, a centaur, 2 orc priests and 2 orcs.

Vanquished Creatures
  3 two-headed ogres (D:9)
  2 centaur zombies
  2 hippogriffs (D:8)
  Sigmund (D:4)
  Menkaure (D:7)
  A water moccasin (D:8)
  An eye of draining (D:9)
  3 necrophages
  3 orc warriors
  2 ice beasts
  3 black bears
  4 centaurs
  4 ogres
  2 big kobolds
  7 bullfrogs
  A gnoll sergeant (D:8)
  3 scorpions
  6 killer bees (D:9)
  A howler monkey (D:6)
  13 wights
  A crimson imp (D:7)
  A bullfrog zombie (D:6)
  A quasit (D:10)
  2 orc priests
  A centaur skeleton (D:6)
  6 hounds
  A jelly (D:8)
  6 iguanas
  10 worker ants
  9 orc wizards
  7 gnolls (D:8)
  9 adders
  3 shadow imps
  3 oozes
  2 adder skeletons
  4 worms
  11 leopard geckos
  29 orcs
  3 ball pythons
  7 bats
  4 giant cockroaches
  10 goblins
  7 hobgoblins
  12 jackals
  13 kobolds
  A quokka (D:5)
  9 frilled lizards
  2 leopard gecko skeletons
  2 quokka skeletons
  8 rats
247 creatures vanquished.

Vanquished Creatures (others)
  An orc (D:10)
1 creature vanquished.

Grand Total: 248 creatures vanquished

Notes
Turn   | Place    | Note
-------+----------+-------------------------------------------
     0 | D:1      | sloany69 the Minotaur Fighter began the quest for the Orb.
     0 | D:1      | Reached XP level 1. HP: 19/19 MP: 0/0
     1 | D:1      | Noticed an electric eel
    50 | D:1      | Reached XP level 2. HP: 27/27 MP: 1/1
   818 | D:1      | Reached XP level 3. HP: 33/33 MP: 2/2
   990 | D:2      | Reached skill level 3 in Axes
  1292 | D:2      | Reached XP level 4. HP: 40/40 MP: 3/3
  1426 | D:2      | Found a hazy altar of Hepliaklqana.
  1429 | D:2      | Found a shimmering altar of Xom.
  1429 | D:2      | Noticed a yak
  1430 | D:2      | Noticed a yak
  1430 | D:2      | Noticed a spectral ugly thing
  1620 | D:2      | Found a bloodstained altar of Trog.
  1672 | D:2      | Found a glowing silver altar of Zin.
  1673 | D:2      | Noticed an angel
  1761 | D:2      | Noticed a centaur
  1768 | D:2      | Killed a centaur
  1768 | D:2      | Reached skill level 4 in Axes
  1768 | D:2      | Reached XP level 5. HP: 29/47 MP: 4/4
  2248 | D:3      | Reached skill level 5 in Axes
  2815 | D:3      | Reached skill level 5 in Shields
  2934 | D:3      | Reached XP level 6. HP: 53/53 MP: 5/5
  2974 | D:3      | Found a blossoming altar of Fedhas.
  3220 | D:3      | Reached skill level 5 in Armour
  3229 | D:3      | Reached skill level 6 in Axes
  4310 | D:4      | Reached XP level 7. HP: 50/60 MP: 6/6
  4312 | D:4      | Reached skill level 5 in Fighting
  4377 | D:4      | Found Runobb's Distillery.
  4378 | D:4      | Noticed Sigmund
  4645 | D:4      | Killed Sigmund
  4645 | D:4      | Reached skill level 7 in Axes
  4802 | D:4      | Bought a potion of agility for 40 gold pieces
  4802 | D:4      | Bought a potion of mutation for 80 gold pieces
  4802 | D:4      | Bought a potion of degeneration for 10 gold pieces
  4802 | D:4      | Bought a potion of brilliance for 40 gold pieces
  4926 | D:4      | Got a faintly humming chain mail
  5220 | D:5      | Entered Level 5 of the Dungeon
  5313 | D:5      | Reached XP level 8. HP: 25/70 MP: 7/7
  5549 | D:5      | Found a shadowy altar of Dithmenos.
  5644 | D:5      | Reached skill level 8 in Axes
  5709 | D:5      | Found Mihiekoo's Food Shoppe.
  5782 | D:5      | Found a radiant altar of Vehumet.
  6558 | D:6      | Found Meyfedgh's Magic Scroll Shop.
  6561 | D:6      | Bought a scroll of remove curse for 36 gold pieces
  6931 | D:7      | Found an opulent altar of Gozag.
  6976 | D:7      | Found a hide-covered altar of Uskayaw.
  6976 | D:7      | Found an iron altar of Okawaru.
  7060 | D:7      | Reached XP level 9. HP: 66/79 MP: 8/8
  7084 | D:7      | Reached skill level 9 in Axes
  7179 | D:7      | Noticed Menkaure
  7180 | D:7      | Killed Menkaure
  7207 | D:7      | Found a staircase to the Ecumenical Temple.
  7214 | Temple   | Entered the Ecumenical Temple
  7650 | D:7      | Became a worshipper of Warmaster Okawaru
  7922 | D:8      | Found an ancient bone altar of Kikubaaqudgha.
  7969 | D:8      | Reached * piety under Okawaru
  8260 | D:8      | Reached skill level 10 in Axes
  8519 | D:8      | Reached ** piety under Okawaru
  8519 | D:8      | Reached XP level 10. HP: 54/90 MP: 9/9
  8954 | D:8      | Identified the cursed +0 chain mail "Patexie" {rC+ Str+8
                  | Int-5} (You found it on level 4 of the Dungeon)
  8954 | D:8      | Lost intelligence.
  9139 | D:9      | Noticed a two-headed ogre
  9144 | D:9      | Killed a two-headed ogre
  9538 | D:9      | Noticed a two-headed ogre
  9543 | D:9      | Killed a two-headed ogre
  9543 | D:9      | Reached *** piety under Okawaru
  9543 | D:9      | Reached skill level 10 in Armour
  9716 | D:9      | Reached skill level 11 in Axes
  9748 | D:9      | Reached skill level 10 in Shields
 10025 | D:9      | Noticed a two-headed ogre
 10030 | D:9      | Killed a two-headed ogre
 10030 | D:9      | Reached skill level 10 in Fighting
 10375 | D:10     | Entered Level 10 of the Dungeon
 10467 | D:10     | Reached **** piety under Okawaru
 10647 | D:10     | Found a staircase to the Orcish Mines.
 10656 | D:10     | Reached XP level 11. HP: 20/100 MP: 10/10
 10656 | D:10     | HP: 3/100 [orc warrior/+2 halberd of venom (17)]
 10656 | D:10     | HP: 1/100 [orc priest/nerve-wracking pain (2)]
 10659 | D:10     | Shot with an arrow by a centaur

Levels and vault maps discovered:
D:1:      arrival_aquarium_a, layout_basic
D:2:      layout_loops_ring, regret_index_temple_of_mockery, zin_angel,
          lightli_temple_of_fire, st_stairs_14, patterned_corridor
D:3:      layout_loops_ring, fedhas_altar_2, first_ration, kennysheep_boxes
D:4:      layout_gridville, serial_shops, shop, uniq_sigmund
D:5:      layout_cave_pools, kennysheep_little_box, serial_shops,
          shop_fountains, vehumet_altar_wand_db
D:6:      layout_basic, serial_shops, kennysheep_mini
D:7:      layout_gridville, chequers_temple_overflow_statue_of_worship,
          minmay_temple_entry_hall, grunt_gozag_statues, uniq_menkaure
D:8:      layout_basic, lemuel_round_altar
D:9:      layout_basic
D:10:     layout_loops_ring, erik_orc_3, serial_shops, shop_fountains,
          blue_anna_alchemist [blue_anna_fruit_fields, blue_anna_fruit_fields]
Temple:   oiseaux_autumnal_temple

Skill      XL: |  1  2  3  4  5  6  7  8  9 10 |
---------------+-------------------------------+-----
Fighting       | 4 5 7 8 10 | 10.2
Shields        | 4 5 6 7 8 10 | 10.3
Armour         | 4 5 6 7 9 10 | 10.6
Axes           | 3 4 5 6 7 8 10 11 | 11.3
Dodging        | |  0.1

Action                   |  1- 3 |  4- 6 |  7- 9 | 10-12 || total
-------------------------+-------+-------+-------+-------++-------
Melee: War axe           |   128 |   103 |   169 |   130 ||   530
       Headbutt          |    10 |    16 |    37 |    16 ||    79
  Use: Scroll            |       |     6 |       |    11 ||    17
       Potion            |       |       |       |     2 ||     2
  Eat: Chunk             |     2 |     6 |     9 |     1 ||    18
       Ration            |       |     1 |     1 |     2 ||     4
Armor: Scale mail        |    78 |    46 |    55 |    31 ||   210
Dodge: Dodged            |    44 |    30 |    46 |    36 ||   156
Block: Shield            |    86 |    57 |    88 |    73 ||   304

Table legend:
 A = Non-vault XP
 B = Vault XP
 C = Vault XP percentage of total XP
 D = Non-vault monster count
 E = Vault monster count
 F = Vault count percentage of total count
                 A         B        C        D         E       F
            +---------+---------+-------+---------+---------+-------
      Total |   10254 |     766 |   7.0 |     239 |       8 |   3.2
            +---------+---------+-------+---------+---------+-------
        D:1 |      41 |       0 |   0.0 |      23 |       0 |   0.0
        D:2 |     208 |       2 |   1.0 |      32 |       1 |   3.0
        D:3 |     408 |       0 |   0.0 |      25 |       0 |   0.0
        D:4 |     403 |     227 |  36.0 |      23 |       1 |   4.2
        D:5 |     557 |       1 |   0.2 |      14 |       1 |   6.7
        D:6 |     478 |       0 |   0.0 |      15 |       0 |   0.0
        D:7 |     733 |     172 |  19.0 |      16 |       1 |   5.9
        D:8 |    2764 |       0 |   0.0 |      45 |       0 |   0.0
        D:9 |    4354 |       0 |   0.0 |      38 |       0 |   0.0
       D:10 |     308 |     364 |  54.2 |       8 |       4 |  33.3
            +---------+---------+-------+---------+---------+-------
